 Dungeon Crawl Stone Soup version 0.27.0-1-g7a08968 (webtiles) character file.

Game seed: 3556780204958712300

39 Illumine the Cudgeller (level 3, 0/36 HPs)
             Began as a Troll Monk on Sept 6, 2021.
             Succumbed to an adder's poison
             ... on level 2 of the Dungeon.
             The game lasted 00:02:05 (1176 turns).

Illumine the Cudgeller (Troll Monk)                 Turns: 1176, Time: 00:02:06

Health: 0/36       AC:  4    Str: 20    XL:     3   Next: 28%
Magic:  2/2        EV: 10    Int:  6    God:
Gold:   48         SH:  0    Dex: 12    Spells: 2/2 levels left

rFire    . . .     SeeInvis .   a - +0 mace
rCold    . . .     Faith    .   (no shield)
rNeg     . . .     Spirit   .   b - +0 robe
rPois    .         Reflect  .   (helmet restricted)
rElec    .         Harm     .   (no cloak)
rCorr    .         Rampage  .   (gloves unavailable)
Will     .....                  (boots unavailable)
Stlth    ++........             (no amulet)
HPRegen  1.12/turn              (no ring)
MPRegen  0.08/turn              (no ring)

@: lethally poisoned (0 -> -3)
A: large, unfitting armour, claws 3, regeneration 1, shaggy fur 1, tough skin 1
a: no special abilities


You were on level 2 of the Dungeon.
You visited 1 branch of the dungeon, and saw 2 of its levels.

You collected 48 gold pieces.

Inventory:

Hand Weapons
 a - a +0 mace (weapon)
Missiles
 l - 27 stones (quivered)
Armour
 b - a +0 robe (worn)
Jewellery
 e - a ring of see invisible
Scrolls
 f - 2 scrolls of enchant armour {unknown}
 g - a scroll of magic mapping {unknown}
 h - a scroll of teleportation {unknown}
 i - a scroll of holy word {unknown}
 m - a scroll of silence {unknown}
Potions
 c - a potion of berserk rage {unknown}
 d - a potion of heal wounds {unknown}
 j - a potion of haste {unknown}
 k - a potion of might {unknown}


   Skills:
 + Level 2.8 Fighting
 * Level 3.3 Maces & Flails
 + Level 2.7 Dodging
 - Level 1.0 Stealth


You had 2 spell levels left.
You didn't know any spells.
Your spell library was empty.

Dungeon Overview and Level Annotations

Branches:
Dungeon (2/15)

Altars:


Innate Abilities, Weirdness & Mutations

You are too large for most types of armour.
You have claws for hands.
Your natural rate of healing is unusually fast.
You are covered in fur. (AC +1)
You have tough skin. (AC +1)


Message History

You feel sick. The adder bites you.
You are more poisoned.
The adder poisons you!
You miss the adder.
The adder is almost dead.
You feel sick. The adder barely misses you.
The adder bites you but does no damage.
You miss the adder.
The adder is almost dead.
You feel sick. The adder barely misses you.
You barely miss the adder.
The adder is almost dead.
You feel sick. The adder bites you.
You are more poisoned.
The adder poisons you! The adder bites you.
You closely miss the adder.
The adder is almost dead.
You feel sick. The adder bites you.
You are more poisoned.
The adder poisons you! The adder bites you but does no damage.
You miss the adder.
The adder is almost dead.
You feel sick. The adder barely misses you.
You hit the adder.
The adder is almost dead.
You feel sick. The adder bites you.
* * * LOW HITPOINT WARNING * * *
The adder bites you.
* * * LOW HITPOINT WARNING * * *
You are more poisoned.
The adder poisons you!
You feel very sick.
You barely miss the adder.
The adder is almost dead.
You feel sick. The adder closely misses you. The adder bites you.
* * * LOW HITPOINT WARNING * * *
You are more poisoned.
The adder poisons you!
Unknown command.
You die...

. .#.# #.# # #. #.
...# # #.# .##.##.#
..? .# #.. .
.......## ..##.# #.#
..####....... .....
#.# .......#
#..###..# #.# ......#
#....S.># #.#
#.##..###....##>#
#.##
#.##.......@.##.#
...#
#.#.............#
#..#
#.#..........##.#
#..###.#)###.>....# #
#.................#
.........###.......(
##.###............###
#.. ............##
#################


You could see an adder.

Vanquished Creatures
  A dart slug (D:1)
  4 bats
  7 endoplasms
  2 goblins (D:2)
  3 hobgoblins
  4 kobolds (D:1)
  3 quokkas (D:1)
  5 ball pythons
  A frilled lizard (D:1)
  4 rats
34 creatures vanquished.

Vanquished Creatures (others)
  7 plants (D:2)
7 creatures vanquished.

Grand Total: 41 creatures vanquished

Notes
Turn   | Place    | Note
-------+----------+-------------------------------------------
     0 | D:1      | Illumine the Troll Monk began the quest for the Orb.
     0 | D:1      | Reached XP level 1. HP: 22/22 MP: 0/0
   131 | D:1      | Found a faded altar of an unknown god.
   154 | D:1      | Reached XP level 2. HP: 16/29 MP: 1/1
   287 | D:1      | Reached skill level 3 in Maces & Flails
   890 | D:2      | Reached XP level 3. HP: 36/36 MP: 2/2
  1176 | D:2      | Succumbed to an adder's poison

Illustrated notes

Levels and vault maps discovered:
D:1:      kennysheep_arrival_forest, layout_rooms,
          chequers_ecumenical_altar_island, corexii_leaking_fountain
D:2:      wad_lake_hut, layout_loops_ring, uniq_crazy_yiuf_cottage,
          uniq_terence, uniq_jessica

Skill      XL: |  1  2 |
---------------+-------+-----
Maces & Flails | 3 |  3.3
Fighting       | |  2.8
Dodging        | |  2.7
Stealth        | |  1.0

Action                   || total
-------------------------++-------
Melee: Mace              ||   107
 Stab: Sleeping          ||     4
Armor: Robe              ||    57
Dodge: Dodged            ||    75
